[Event "Titled Tuesday Blitz June 28 Early 2022"]
[White "Jobava, Baadur"]
[Black "Ladopoulos, Dimitrios"]
[WhiteFideId "13601520"]
[BlackFideId "4239580"]
[WhiteElo "2617"]
[BlackElo "2195"]
[Result "0-1"]
[Round "05"]
[TimeControl "180+1"]
[Date "2022.06.28"]
[WhiteClock "0:01:51"]
[BlackClock "0:00:05"]

1. b3 b6 2. Bb2 Bb7 3. c4 e6 4. Nf3 f5 5. g3 Nf6 6. Bg2 Be7 7. O-O O-O 8. d3 Qe8 9. Nbd2 Nc6 10. e4 fxe4 11. dxe4 Nb4 12. Qe2 a5 13. a3 Nc6 14. Rad1 Bc5 15. h3 e5 16. Kh2 Qe7 17. Nb1 Rae8 18. Nc3 Nd4 19. Nxd4 exd4 20. Nb5 Nxe4 21. Nxc7 Nxg3 22. Qxe7 Nxf1+ 23. Rxf1 Rxe7 24. Bxb7 Bd6+ 25. Kg2 Bxc7 26. Bxd4 Kh8 27. Rd1 Re6 28. Be3 Bf4 29. Bxf4 Rxf4 30. Rxd7 g6 31. Kg3 g5 32. Bd5 Re2 33. Bf3 Rb2 34. Rd3 a4 35. bxa4 Rxc4 36. Bd1 h6 37. Rd6 Kg7 38. Bh5 Rf4 39. f3 Rxa4 40. Rg6+ Kh7 41. Rc6 Rxa3 42. Rc7+ Kg8 43. Kg4 Rb5 44. Bg6 Ra4+ 45. Kg3 Rf4 46. Be4 Rc5 47. Rb7 b5 48. Bd3 b4 49. Be4 Rxe4 50. fxe4 Rc3+ 51. Kg4 b3 52. Kf5 Rxh3 53. e5 Kf8 54. Ke6 Rc3 55. Kf6 Rf3+ 56. Kg6 g4 57. Kxh6 g3 58. e6 g2 59. Rg7 b2 60. e7+ Ke8 61. Rg8+ Kxe7 62. Rxg2 b1=Q 63. Rg7+ Rf7 64. Rg4 Rf6+ 65. Kg5 Qg6+ 66. Kh4 Qh6+ 67. Kg3 Qe3+ 68. Kh4 Rh6# 0-1


[Site "https://www.chess.com"]

[Event "Titled Tuesday Blitz June 28 Early 2022"]
[White "Johnson, Ben"]
[Black "Kupervaser, Erez"]
[WhiteFideId "2010917"]
[BlackFideId "2814587"]
[WhiteElo "2181"]
[BlackElo "1832"]
[Result "1/2-1/2"]
[Round "05"]
[TimeControl "180+1"]
[Date "2022.06.28"]
[WhiteClock "0:00:11"]
[BlackClock "0:00:42"]

1. Nf3 Nf6 2. c4 c5 3. Nc3 e6 4. b4 cxb4 5. Nb5 a6 6. Nbd4 Nc6 7. e3 Nxd4 8. exd4 d5 9. c5 Be7 10. a3 bxa3 11. Bxa3 O-O 12. Bd3 Bd7 13. Qc2 Qc7 14. O-O Bb5 15. Bxb5 axb5 16. Bb4 Ra4 17. Rxa4 bxa4 18. Qxa4 Qc6 19. Qxc6 bxc6 20. Ne5 Rc8 21. Ra1 Ne4 22. f3 f6 23. Nd3 Ng5 24. Ra6 Nf7 25. Ba5 Bd8 26. Nb4 Bxa5 27. Rxa5 Kf8 28. Ra6 Nd8 29. Ra7 Rb8 30. Na6 Rb1+ 31. Kf2 Ra1 32. Rd7 Rxa6 33. Rxd8+ Ke7 34. Rg8 Kf7 35. Rc8 Ke7 36. Rc7+ Kf8 37. Ke3 h5 38. g4 hxg4 39. fxg4 g5 40. d3 Ra2 41. Rxc6 Kf7 42. Rc7+ Kg6 43. Re7 Rxh2 44. Rxe6 Rh3+ 45. Kd2 Kf7 46. Rd6 Rg3 47. c6 Ke7 48. Rd7+ Ke8 49. Rxd5 Rg2+ 50. Kc3 Rg1 51. Kb4 Rc1 52. Rc5 Rb1+ 53. Kc3 Kd8 54. Kd2 Kc7 55. Ke3 Rf1 56. Rf5 Rxf5 57. gxf5 Kxc6 58. Ke4 Kd6 59. d5 Kc5 60. d4+ Kd6 61. Ke3 Kxd5 62. Kd3 g4 63. Ke3 g3 64. Kf3 Kxd4 65. Kxg3 Ke5 66. Kg4 Ke4 67. Kg3 Kxf5 68. Kf3 Ke5 69. Ke3 f5 70. Kf3 f4 71. Kf2 Ke4 72. Ke2 f3+ 73. Kf2 Kf4 74. Kf1 Kg3 75. Kg1 Kf4 76. Kf2 Ke4 77. Kf1 Ke3 78. Ke1 Ke4 79. Kf2 Kf4 80. Kf1 Kg4 81. Kf2 Kf4 1/2-1/2


[Site "https://www.chess.com"]

[Event "Titled Tuesday Blitz June 28 Early 2022"]
[White "Johnson, Donald"]
[Black "Yuan, Qingyu"]
[WhiteFideId "30949122"]
[BlackFideId "8609772"]
[WhiteElo "1724"]
[BlackElo "2359"]
[Result "0-1"]
[Round "05"]
[TimeControl "180+1"]
[Date "2022.06.28"]
[WhiteClock "0:00:07"]
[BlackClock "0:00:11"]

1. e4 c6 2. d4 d5 3. e5 c5 4. c3 Nc6 5. Be2 cxd4 6. cxd4 Bf5 7. Nc3 e6 8. Nf3 Nge7 9. Be3 Nc8 10. O-O Be7 11. Rc1 O-O 12. Qd2 Nb6 13. b3 Ba3 14. Rcd1 Bb4 15. h3 Rc8 16. Rc1 Ba3 17. Rcd1 Bb4 18. Rc1 h6 19. Bd3 Ne7 20. Bxf5 Nxf5 21. Qd3 Ba3 22. Rc2 Qd7 23. Bc1 Bb4 24. Bd2 a6 25. Rfc1 Ba3 26. Rd1 Rc6 27. Ne2 Rfc8 28. Rxc6 Qxc6 29. Bc1 Bb4 30. Bd2 Ba3 31. Bc1 Bf8 32. Bb2 Qc2 33. Qxc2 Rxc2 34. Rd2 Rc8 35. Rd1 Rc2 36. Rd2 Rc6 37. Rd1 Nd7 38. Rc1 Nb8 39. Rxc6 Nxc6 40. g4 Nfe7 41. Kf1 Nc8 42. Nc1 Be7 43. Nd3 Nb6 44. Ke2 Nd7 45. Nd2 Kh7 46. f4 h5 47. Nf3 hxg4 48. hxg4 g6 49. f5 gxf5 50. gxf5 exf5 51. Nf4 Nb6 52. Nd2 Nd8 53. Nf1 Ne6 54. Kf3 Bg5 55. Nd3 Kg6 56. Ne3 Bxe3 57. Kxe3 Kg5 58. Kf3 f4 59. Nxf4 Nxf4 60. Bc1 Kf5 61. Bxf4 Nd7 62. Be3 Nf8 63. Bf2 Ne6 64. Ke3 Ng5 65. Kd3 Kg4 66. Be3 Ne6 67. Bd2 Kf3 68. Bh6 Nf4+ 69. Kc3 Ne2+ 70. Kd3 Nf4+ 71. Kc3 Ke4 72. Bxf4 Kxf4 73. Kb4 b6 74. a4 Ke4 75. a5 bxa5+ 76. Kxa5 Kxd4 77. Kxa6 Kc3 78. Kb5 d4 79. Kc5 d3 80. Kd6 d2 81. Ke7 d1=Q 82. Kxf7 Qxb3+ 83. e6 Kd4 84. Ke7 Ke5 85. Kf8 Qxe6 86. Kg7 Qf6+ 87. Kh7 Qe7+ 88. Kh8 Kf6 89. Kg8 Qg7# 0-1


[Site "https://www.chess.com"]

[Event "Titled Tuesday Blitz June 28 Early 2022"]
[White "Jubin Jimmy"]
[Black "Florescu, Codrut-Constantin"]
[WhiteFideId "46686614"]
[BlackFideId "1202200"]
[WhiteElo "2219"]
[BlackElo "2191"]
[Result "1-0"]
[Round "05"]
[TimeControl "180+1"]
[Date "2022.06.28"]
[WhiteClock "0:02:48"]
[BlackClock "0:02:11"]

1. d4 Nf6 2. c4 e6 3. Nc3 Bb4 4. Qc2 d5 5. cxd5 exd5 6. Bg5 h6 7. Bh4 c5 8. dxc5 Nc6 9. Nf3 g5 10. Bg3 d4 11. O-O-O g4 12. Nxd4 Nxd4 13. Qa4+ Kf8 14. Qxb4 1-0


[Site "https://www.chess.com"]

[Event "Titled Tuesday Blitz June 28 Early 2022"]
[White "Kamsky, Gata"]
[Black "Vachier-Lagrave, Maxime"]
[WhiteFideId "2000024"]
[BlackFideId "623539"]
[WhiteElo "2645"]
[BlackElo "2813"]
[Result "1/2-1/2"]
[Round "05"]
[TimeControl "180+1"]
[Date "2022.06.28"]
[WhiteClock "0:00:17"]
[BlackClock "0:00:19"]

1. d4 Nf6 2. Nf3 g6 3. Bg5 Bg7 4. c3 O-O 5. Nbd2 d6 6. e4 c5 7. dxc5 dxc5 8. Bc4 Nc6 9. O-O Qc7 10. Qe2 Nh5 11. Qe3 b6 12. Rfe1 Bg4 13. h3 Bxf3 14. Nxf3 Ne5 15. Be2 Nf6 16. Nd2 Rad8 17. Rad1 Nc6 18. Bf4 Qc8 19. Bg3 Nd7 20. f4 Bh6 21. Qf2 e5 22. Nc4 Nf6 23. fxe5 Nxe4 24. Qf3 Nxg3 25. Qxg3 Qe6 26. Qg4 Qxg4 27. Bxg4 Rxd1 28. Rxd1 Rd8 29. Rxd8+ Nxd8 30. a4 Kf8 31. Bf3 Ke7 32. Bd5 Bf4 33. Kf2 Ne6 34. g3 Bc1 35. Kf3 Nc7 36. Bb7 Bh6 37. Ke4 Bg7 38. g4 Ne6 39. h4 h5 40. gxh5 gxh5 41. Kf5 Nf8 42. Bf3 Ng6 43. Kg5 Nxe5 44. Nxe5 Bxe5 45. Bxh5 Bf6+ 46. Kg4 c4 47. Kg3 Bg7 48. Be2 Bh6 49. Bxc4 Bc1 1/2-1/2


[Site "https://www.chess.com"]

[Event "Titled Tuesday Blitz June 28 Early 2022"]
[White "Kanyamarala, Tarun"]
[Black "Gundam, Rohit"]
[WhiteFideId "45004714"]
[BlackFideId "75002809"]
[WhiteElo "2219"]
[BlackElo "2332"]
[Result "0-1"]
[Round "05"]
[TimeControl "180+1"]
[Date "2022.06.28"]
[WhiteClock "0:01:56"]
[BlackClock "0:02:23"]

1. Nf3 Nf6 2. g3 d5 3. b3 c5 4. Bb2 Nc6 5. Bg2 g6 6. O-O Bg7 7. d4 Ne4 8. e3 O-O 9. Nbd2 Bf5 10. Nh4 Rc8 11. Nxf5 gxf5 12. Nxe4 dxe4 13. c3 cxd4 14. exd4 e6 15. Qe2 Ne7 16. f3 Nd5 17. Rac1 Qa5 18. b4 Qxa2 19. Ra1 Nxc3 20. Rxa2 Nxe2+ 21. Kf2 Rc2 22. fxe4 Nc3+ 0-1


[Site "https://www.chess.com"]

[Event "Titled Tuesday Blitz June 28 Early 2022"]
[White "Karthik, Advaith"]
[Black "Dinu, Dumitru-Daniel"]
[WhiteFideId "30946050"]
[BlackFideId "1208403"]
[WhiteElo "1728"]
[BlackElo "2240"]
[Result "1-0"]
[Round "05"]
[TimeControl "180+1"]
[Date "2022.06.28"]
[WhiteClock "0:00:55"]
[BlackClock "0:00:16"]

1. d4 Nf6 2. c4 e6 3. Nc3 Bb4 4. e3 O-O 5. Bd3 d5 6. Ne2 b6 7. cxd5 exd5 8. O-O Ba6 9. Bxa6 Nxa6 10. Qa4 Qc8 11. a3 Be7 12. b4 c5 13. dxc5 bxc5 14. bxc5 Nxc5 15. Qc2 Qa6 16. Nd4 Rac8 17. Qe2 Qxe2 18. Ncxe2 Nfe4 19. Rd1 Bf6 20. Bb2 Na4 21. Rab1 Bxd4 22. Bxd4 Rc2 23. Re1 a6 24. f3 Nd2 25. Rbc1 Rfc8 26. Rxc2 Rxc2 27. Nf4 Nc4 28. Nxd5 f6 29. Nb4 Rd2 30. Nxa6 Nxa3 31. Ra1 Rd3 32. Bc5 Nxc5 33. Nxc5 Rxe3 34. Kf2 Rc3 35. Ne4 Rc2+ 36. Kg3 Nc4 37. Ra8+ Kf7 38. Rc8 Ne3 39. Nd6+ Kg6 40. Rxc2 Nxc2 41. h4 h5 42. Kf4 Nd4 43. Nc8 Ne2+ 44. Ke3 Ng3 45. Ne7+ Kf7 46. Nd5 Nf5+ 47. Kf4 Nxh4 48. g4 Ng6+ 49. Kg3 h4+ 50. Kh3 Ke6 51. Ne3 Ke5 52. Nf5 Kf4 53. Nxg7 Kxf3 54. Nh5 Nf4+ 55. Kxh4 Ng6+ 56. Kh3 Nf4+ 57. Kh4 Nxh5 58. gxh5 f5 59. h6 Kg2 60. Kg5 f4 61. Kxf4 1-0


[Site "https://www.chess.com"]

[Event "Titled Tuesday Blitz June 28 Early 2022"]
[White "Khamdamova, Afruza"]
[Black "Gubajdullin, Alexei"]
[WhiteFideId "14210444"]
[BlackFideId "4141202"]
[WhiteElo "1660"]
[BlackElo "2280"]
[Result "0-1"]
[Round "05"]
[TimeControl "180+1"]
[Date "2022.06.28"]
[WhiteClock "0:00:20"]
[BlackClock "0:00:38"]

1. e4 g6 2. d4 Bg7 3. Nc3 d6 4. Be3 a6 5. Qd2 b5 6. f3 Nd7 7. O-O-O Nb6 8. d5 b4 9. Nb1 a5 10. Bd4 Nf6 11. g4 e5 12. dxe6 fxe6 13. g5 Nh5 14. Bxg7 Nxg7 15. e5 d5 16. Qf4 Rf8 17. Qh4 Nh5 18. Nh3 Rxf3 19. Be2 Rxh3 20. Qxh3 Qxg5+ 21. Nd2 Nf4 22. Qe3 Nxe2+ 23. Qxe2 Ba6 24. Qf2 O-O-O 25. Qc5 Be2 26. Rde1 Bh5 27. Qxa5 Qf4 28. b3 Qd4 29. Qa6+ Kd7 30. Rhf1 Ra8 31. Qb7 g5 32. Nb1 Rxa2 33. Qb8 Qb2+ 34. Kd2 Qxc2+ 35. Ke3 Qe4# 0-1


[Site "https://www.chess.com"]

[Event "Titled Tuesday Blitz June 28 Early 2022"]
[White "Kohler, Aran"]
[Black "Espinosa Veloz, Ermes"]
[WhiteFideId "1002856"]
[BlackFideId "3507424"]
[WhiteElo "2262"]
[BlackElo "2333"]
[Result "1/2-1/2"]
[Round "05"]
[TimeControl "180+1"]
[Date "2022.06.28"]
[WhiteClock "0:00:19"]
[BlackClock "0:00:54"]

1. d4 d5 2. Nf3 Nf6 3. Bf4 c5 4. e3 Nc6 5. c3 Qb6 6. Qb3 c4 7. Qc2 Bf5 8. Qc1 e6 9. Be2 Be7 10. Nbd2 Qd8 11. O-O O-O 12. b3 b5 13. Ne5 Nxe5 14. dxe5 Nd7 15. Nf3 Nc5 16. Nd4 Bd3 17. Bxd3 Nxd3 18. Qd2 Qd7 19. bxc4 bxc4 20. Rab1 f6 21. Nf3 f5 22. h4 Rab8 23. Qc2 Bc5 24. Rxb8 Rxb8 25. Rb1 Rb5 26. Rxb5 Qxb5 27. Kh2 h6 28. h5 a5 29. Bg3 a4 30. Nh4 a3 31. Ng6 Kf7 32. Bh4 Ke8 33. g4 fxg4 34. Qd1 Kd7 35. Qxg4 Qb2 36. Nf4 Nxf2 37. Qxe6+ Kc7 38. Nxd5+ Kb7 39. Qd7+ Ka6 40. Qa4+ Kb7 41. Qd7+ Ka6 42. Qa4+ Kb7 43. Qd7+ 1/2-1/2


[Site "https://www.chess.com"]

[Event "Titled Tuesday Blitz June 28 Early 2022"]
[White "Kopczynski, Michal"]
[Black "Alinasab, Mobina"]
[WhiteFideId "1124200"]
[BlackFideId "12528897"]
[WhiteElo "2235"]
[BlackElo "2031"]
[Result "1/2-1/2"]
[Round "05"]
[TimeControl "180+1"]
[Date "2022.06.28"]
[WhiteClock "0:00:11"]
[BlackClock "0:00:09"]

1. e4 c5 2. d4 cxd4 3. c3 dxc3 4. Nxc3 Nc6 5. f4 d6 6. Nf3 Nf6 7. Bd3 g6 8. O-O Bg7 9. Kh1 O-O 10. Qe1 e5 11. f5 Nd4 12. fxg6 fxg6 13. Nxd4 exd4 14. Ne2 Ng4 15. h3 Ne3 16. Rxf8+ Qxf8 17. Bd2 Be5 18. Qh4 Be6 19. b3 Rc8 20. Ng1 Qf6 21. Qxf6 Bxf6 22. Nf3 Kg7 23. Kg1 g5 24. Rc1 Rxc1+ 25. Bxc1 Nd1 26. Bxg5 Nc3 27. Bxf6+ Kxf6 28. Nxd4 Nxa2 29. Kf2 Ke5 30. Ke3 Bg8 31. g4 Nc1 32. Bc2 Na2 33. Nf3+ Kf6 34. g5+ Kg6 35. e5+ Kf7 36. exd6 Ke6 37. Be4 Kxd6 38. Bxb7 Bxb3 39. Be4 Bg8 40. Nd4 Nc3 41. Bd3 Nd5+ 42. Kd2 Ke5 43. Nc6+ Kf4 44. Nxa7 Kxg5 45. Nc6 Nf4 46. Bf1 Be6 47. Nd4 Bd7 48. Ke3 Nxh3 49. Bxh3 Bxh3 50. Kf3 Bg4+ 51. Kg3 h5 52. Nc6 h4+ 53. Kh2 Kf4 54. Ne7 Bh5 55. Nd5+ Kg4 56. Nf6+ Kg5 57. Nxh5 Kxh5 58. Kh1 Kg5 59. Kg1 Kg4 60. Kh1 Kg3 61. Kg1 h3 62. Kh1 h2 1/2-1/2


[Site "https://www.chess.com"]

[Event "Titled Tuesday Blitz June 28 Early 2022"]
[White "Kozlov, Oleg"]
[Black "Narayanan, Srinath"]
[WhiteFideId "4104544"]
[BlackFideId "5018420"]
[WhiteElo "2132"]
[BlackElo "2472"]
[Result "1/2-1/2"]
[Round "05"]
[TimeControl "180+1"]
[Date "2022.06.28"]
[WhiteClock "0:00:10"]
[BlackClock "0:00:14"]

1. d4 Nf6 2. c4 e6 3. b3 d5 4. e3 c5 5. cxd5 Nxd5 6. dxc5 Bxc5 7. a3 O-O 8. Bd3 Nc6 9. Bb2 a5 10. Nf3 b6 11. h4 h6 12. g4 Ba6 13. Bxa6 Rxa6 14. Qe2 Ra7 15. h5 Be7 16. Rg1 a4 17. b4 Bf6 18. g5 hxg5 19. Ra2 Ndxb4 20. axb4 Nxb4 21. Bxf6 Qxf6 22. Ra3 Rc8 23. Kf1 g4 24. Nd4 e5 25. Nb5 Rc1+ 26. Kg2 Qf3+ 27. Qxf3 gxf3+ 28. Kh2 Rxg1 29. Kxg1 Ra5 30. N1c3 Nd3 31. Rxa4 Nc5 32. Rxa5 bxa5 33. Kh2 e4 34. Kg3 f5 35. Kf4 Nd3+ 36. Kxf5 Nxf2 37. Kf4 Ng4 38. Kg3 Nxe3 39. Nxe4 a4 40. Kxf3 Nc4 41. Nec3 a3 42. Na2 Kh7 43. Ke4 Kh6 44. Kd4 Nd2 45. Nxa3 Kxh5 46. Ke3 Nb3 47. Nc4 g5 48. Kf3 Nd4+ 49. Kg3 Nf5+ 50. Kg2 g4 51. Ne5 Nh4+ 52. Kg3 Nf5+ 53. Kf4 Nh6 54. Nc3 Kh4 55. Ne2 Ng8 56. Nxg4 Kh5 57. Ng3+ Kg6 58. Ne5+ Kg7 59. Nh5+ Kf8 60. Kf5 Ke7 61. Nf4 Nh6+ 62. Ke4 Nf7 63. Nd5+ Ke6 64. Nc7+ Ke7 65. Nxf7 1/2-1/2


[Site "https://www.chess.com"]

[Event "Titled Tuesday Blitz June 28 Early 2022"]
[White "Lashkin, Jegor"]
[Black "Kjartansson, David"]
[WhiteFideId "13907808"]
[BlackFideId "2301130"]
[WhiteElo "2368"]
[BlackElo "2382"]
[Result "1-0"]
[Round "05"]
[TimeControl "180+1"]
[Date "2022.06.28"]
[WhiteClock "0:00:04"]
[BlackClock "0:00:10"]

1. d4 Nf6 2. c4 d6 3. Nf3 Nbd7 4. Nc3 e5 5. e4 Be7 6. Be2 c6 7. O-O Qc7 8. Be3 Nf8 9. Nh4 exd4 10. Bxd4 Ne6 11. Be3 Nc5 12. Nf5 Bxf5 13. exf5 h6 14. Bf3 O-O 15. Qc2 Ncd7 16. Be2 Rfe8 17. Bf4 Bf8 18. Rad1 Rac8 19. Qd2 Ne5 20. h3 a6 21. Rc1 Rcd8 22. Rfd1 Qd7 23. Qc2 b5 24. cxb5 axb5 25. a4 b4 26. Nb1 d5 27. Nd2 Qa7 28. Nb3 c5 29. Bb5 Re7 30. Nxc5 Rc8 31. Be3 Nc4 32. Bxc4 dxc4 33. Ne6 b3 34. Qe2 Qxa4 35. Nxf8 Kxf8 36. Qf3 Rd7 37. Rxd7 Qxd7 38. Rd1 Qc7 39. Bd4 Qc6 40. Qf4 Nd5 41. Qg3 f6 42. Rc1 Qd7 43. Ra1 Nb4 44. Bc3 Nd5 45. Bd4 Nb4 46. Be3 Nc2 47. Ra7 1-0


[Site "https://www.chess.com"]

[Event "Titled Tuesday Blitz June 28 Early 2022"]
[White "Lianes Garcia, Marcos"]
[Black "Joie, Sebastien"]
[WhiteFideId "32060777"]
[BlackFideId "650420"]
[WhiteElo "2310"]
[BlackElo "2397"]
[Result "0-1"]
[Round "05"]
[TimeControl "180+1"]
[Date "2022.06.28"]
[WhiteClock "0:00:03"]
[BlackClock "0:00:08"]

1. e4 c6 2. g3 d5 3. Bg2 dxe4 4. Bxe4 Nf6 5. Bg2 g6 6. d4 Bg7 7. Ne2 O-O 8. O-O Nbd7 9. c4 Qa5 10. Nbc3 Rd8 11. a3 e5 12. d5 cxd5 13. cxd5 Nb6 14. Bg5 Nc4 15. Qb3 Nd6 16. h3 Bd7 17. Rac1 Rac8 18. Rfd1 Re8 19. Bd2 Qa6 20. Bf1 b5 21. Na2 Nfe4 22. Be3 Nc4 23. Nb4 Qb7 24. Bg2 Ned6 25. Nc6 Rc7 26. Bc5 Bf8 27. Nc3 a6 28. Kh2 f5 29. Qa2 e4 30. b3 Ne5 31. Nxe5 Rxe5 32. Bd4 Re8 33. Qd2 a5 34. Qg5 Bg7 35. Bxg7 Kxg7 36. Qf4 Nf7 37. h4 Bc8 38. Bf1 Qb6 39. Nxb5 Rxc1 40. Rxc1 Ba6 41. a4 Ne5 42. Kg2 Bxb5 43. Bxb5 Re7 44. Rc3 Ng4 45. d6 Re6 46. d7 Rd6 47. Be2 Nf6 48. h5 Rxd7 49. h6+ Kf7 50. Qb8 Qd8 51. Bc4+ Ke7 52. Qe5+ Kf8 53. Qc5+ Qe7 54. Qxa5 Ng4 55. Qa8+ Rd8 56. Qc6 Ne5 57. Qb5 e3 58. f4 Nxc4 59. Qxc4 e2 0-1


[Site "https://www.chess.com"]

[Event "Titled Tuesday Blitz June 28 Early 2022"]
[White "Liyanage, Ranindu Dilshan"]
[Black "Warmerdam, Max"]
[WhiteFideId "9915834"]
[BlackFideId "1048104"]
[WhiteElo "1858"]
[BlackElo "2537"]
[Result "0-1"]
[Round "05"]
[TimeControl "180+1"]
[Date "2022.06.28"]
[WhiteClock "0:00:03"]
[BlackClock "0:00:15"]

1. e4 c5 2. Nf3 d6 3. d4 cxd4 4. Nxd4 Nf6 5. Nc3 a6 6. Qd3 e6 7. Be2 Nbd7 8. Nb3 b5 9. O-O Bb7 10. f3 Be7 11. Bf4 Qc7 12. a4 b4 13. Na2 e5 14. Be3 Nc5 15. Nxc5 dxc5 16. Qb3 O-O 17. Bc4 a5 18. Rfd1 Nd7 19. Bb5 Nb6 20. Kh1 Rad8 21. c4 h6 22. Qc2 Bg5 23. Bf2 Nc8 24. Rd5 Bxd5 25. cxd5 Nd6 26. Qxc5 Nxb5 27. axb5 Rc8 28. Qxc7 Rxc7 29. h4 Rc2 30. Kg1 Be7 31. Nc1 Rxb2 32. Nd3 Rd2 33. Nxe5 Bf6 34. f4 b3 35. Rb1 a4 36. Bc5 Rc8 0-1


[Site "https://www.chess.com"]

[Event "Titled Tuesday Blitz June 28 Early 2022"]
[White "Lou, Yiping"]
[Black "Di Nicolantonio, Lucas"]
[WhiteFideId "8603928"]
[BlackFideId "680460"]
[WhiteElo "2412"]
[BlackElo "2381"]
[Result "1-0"]
[Round "05"]
[TimeControl "180+1"]
[Date "2022.06.28"]
[WhiteClock "0:00:30"]
[BlackClock "0:00:02"]

1. e4 g6 2. d4 Bg7 3. Nf3 d6 4. Bc4 e6 5. O-O Ne7 6. Re1 b6 7. c3 Bb7 8. Nbd2 c5 9. Nf1 Nbc6 10. Ng3 O-O 11. Bg5 h6 12. Bf4 cxd4 13. cxd4 d5 14. exd5 Nxd5 15. Bd2 Rc8 16. Rc1 Kh7 17. Bd3 Nce7 18. h4 Kg8 19. h5 g5 20. Nxg5 hxg5 21. Bxg5 Rxc1 22. Qxc1 Qc8 23. Qd1 f6 24. Bd2 f5 25. h6 Bxd4 26. Qh5 Kh8 27. h7 Nf6 28. Qh6 Bxf2+ 29. Kf1 Bxg3 30. Bc3 Nd5 31. Rxe6 Nxc3 32. Re7 Bxg2+ 33. Kxg2 Qc6+ 34. Be4 Qxe4+ 35. Rxe4 fxe4 36. Qxf8+ Kxh7 37. Qxf6 Nd5 38. Qf7+ Kh6 39. Kxg3 Ne3 40. Qf4+ 1-0


[Site "https://www.chess.com"]

[Event "Titled Tuesday Blitz June 28 Early 2022"]
[White "Lucas, Arthur"]
[Black "Kucuksari, Kaan"]
[WhiteFideId "26093073"]
[BlackFideId "6380166"]
[WhiteElo "2129"]
[BlackElo "2305"]
[Result "0-1"]
[Round "05"]
[TimeControl "180+1"]
[Date "2022.06.28"]
[WhiteClock "0:00:02"]
[BlackClock "0:00:08"]

1. e4 c6 2. Nc3 d5 3. Nf3 Bg4 4. h3 Bxf3 5. Qxf3 e6 6. Be2 Nd7 7. d4 Bb4 8. O-O Ne7 9. Qg3 O-O 10. Bd3 Ng6 11. a3 Bxc3 12. bxc3 dxe4 13. Bxe4 Nf6 14. Bd3 Rc8 15. Rb1 b6 16. a4 Nd5 17. c4 Nc3 18. Rb3 Nxa4 19. Ra3 b5 20. cxb5 cxb5 21. Bxb5 Nb6 22. c3 Nd5 23. c4 Nb6 24. c5 Nd5 25. Rxa7 Nc7 26. Be2 Nd5 27. Bf3 Nf6 28. Be3 Ne7 29. Rb1 Nf5 30. Qf4 Nd5 31. Bxd5 Qxd5 32. Rbb7 Ra8 33. Rxa8 Qxb7 34. Rxf8+ Kxf8 35. g4 Nh4 36. Qd6+ Ke8 37. c6 Qc8 38. Kh2 Ng6 39. Bg5 f6 40. Bd2 Ne7 41. Bb4 Nxc6 42. Qf8+ Kd7 43. Qxg7+ Kd8 44. Qf8+ Kc7 45. Qf7+ Kb6 46. Bc5+ Kb5 47. Qxf6 Qc7+ 48. Kg2 Kc4 49. Qxe6+ Kc3 50. Qe3+ Kc4 51. Qe6+ Kc3 52. Qf5 Qb7 53. Qf3+ Kc4 54. h4 Qd7 55. Kg3 Qc7+ 56. Kh3 Qd7 57. Qe2+ Kd5 58. Qf3+ Kc4 59. Qf5 Qb7 60. Qe6+ Kd3 61. Qe3+ Kc4 62. h5 Nb4 63. Qe6+ Nd5 64. g5 Qb3+ 65. Kg4 Qd1+ 66. Kf5 Qf3+ 67. Ke5 Qf4# 0-1


[Site "https://www.chess.com"]

[Event "Titled Tuesday Blitz June 28 Early 2022"]
[White "Madaminov, Mukhiddin"]
[Black "Adla, Diego"]
[WhiteFideId "14210703"]
[BlackFideId "100072"]
[WhiteElo "1916"]
[BlackElo "2377"]
[Result "0-1"]
[Round "05"]
[TimeControl "180+1"]
[Date "2022.06.28"]
[WhiteClock "0:00:08"]
[BlackClock "0:00:15"]

1. d4 Nf6 2. Nc3 e6 3. Bf4 d5 4. Nb5 Na6 5. e3 c6 6. Nc3 Nc7 7. Bd3 Bd6 8. Nf3 Bxf4 9. exf4 Qd6 10. Ne5 Qb4 11. O-O Qxb2 12. Ne2 Qa3 13. Qd2 O-O 14. Ng3 b6 15. Nxc6 Ba6 16. Rfe1 Bxd3 17. cxd3 Nb5 18. f5 Rac8 19. Rac1 Rc7 20. fxe6 fxe6 21. Ne5 Rxc1 22. Rxc1 Nxd4 23. Re1 Qd6 24. h3 Nc6 25. d4 Nd7 26. Nxc6 Qxc6 27. Nh5 h6 28. Nf4 Rf6 29. Nd3 Qd6 30. Ne5 Rf8 31. Ng6 Rf6 32. Qd3 Nf8 33. Ne5 Rf5 34. Rc1 Qd8 35. Rc6 Qf6 36. Ng4 Qf7 37. Ne5 Qf6 38. Rc8 Qe7 39. g3 Qb4 40. Qe3 Qb1+ 41. Kg2 Kh7 42. g4 Rf6 43. h4 Ng6 44. Nxg6 Rxg6 45. f3 Qxa2+ 46. Kg3 Qb1 47. Re8 h5 48. g5 Qf5 49. Qc1 e5 50. Rxe5 Qd7 51. Qf4 a5 52. Rf5 a4 53. Rf7 Qd6 54. Ra7 b5 55. Ra5 Qxf4+ 56. Kxf4 Rb6 57. Ke3 Kg6 58. Kd3 Kf5 59. Kc3 Kf4 60. Kb4 Kxf3 61. Ra7 g6 62. Rf7+ Kg4 63. Rf6 Rb8 64. Rxg6 Kxh4 65. Rg7 Kg4 66. g6 Kg5 67. Rd7 Kxg6 68. Rxd5 h4 69. Re5 Ra8 70. Ka3 b4+ 71. Kxb4 a3 72. Re1 a2 73. Ra1 Kf5 74. Kc5 Ke4 75. d5 h3 76. d6 h2 77. d7 Kf4 78. Kc6 Kg3 79. Kb7 Rh8 80. Kc7 h1=Q 81. Rxh1 Rxh1 82. d8=Q a1=Q 83. Qg5+ Kf3 84. Qd5+ Kf4 85. Qf7+ Ke4 86. Qc4+ Qd4 87. Qe2+ Qe3 88. Qc4+ Kf5 89. Qd5+ Qe5+ 90. Qxe5+ Kxe5 91. Kd7 Rd1+ 92. Kc6 Rd2 93. Kb5 Rc2 94. Kb4 Kd5 95. Kb3 Rc7 96. Kb4 Rc8 97. Kb5 Rb8+ 98. Ka6 Kc5 99. Ka7 Rb1 100. Ka6 Rb2 101. Ka7 Kc6 102. Ka8 Kc7 0-1


[Site "https://www.chess.com"]

[Event "Titled Tuesday Blitz June 28 Early 2022"]
[White "Magallanes, Rey Jomar"]
[Black "Begunov, Konstantin"]
[WhiteFideId "5205948"]
[BlackFideId "4118510"]
[WhiteElo "2195"]
[BlackElo "2262"]
[Result "0-1"]
[Round "05"]
[TimeControl "180+1"]
[Date "2022.06.28"]
[WhiteClock "0:00:31"]
[BlackClock "0:00:06"]

1. e4 c5 2. Nf3 d6 3. d4 cxd4 4. Nxd4 Nf6 5. Nc3 a6 6. Be3 Ng4 7. Bg5 Nc6 8. Bc4 Qb6 9. Be3 Nxe3 10. fxe3 Ne5 11. Nd5 Qa5+ 12. c3 Bg4 13. Qb3 b5 14. Be2 e6 15. Bxg4 Nxg4 16. Nc6 Qa4 17. Qxa4 bxa4 18. Nb6 Rd8 19. Nxd8 Kxd8 20. Ke2 a3 21. bxa3 Ne5 22. Rab1 Kc7 23. Rhd1 Be7 24. Na4 Nc4 25. Rb3 Na5 26. Rb4 d5 27. exd5 Bxb4 28. axb4 Nc4 29. dxe6 fxe6 30. Rd4 Nd6 31. Nc5 Kc6 32. Nxa6 Ra8 33. Nc5 Rxa2+ 34. Kf3 e5 35. Rd1 Nf5 36. Ke4 Nh4 37. Kxe5 Rxg2 38. c4 Ng6+ 39. Ke4 Rxh2 40. Ne6 Rh4+ 41. Nf4 Ne7 42. Kf3 g5 43. Ne6 Rxc4 44. Nd8+ Kc7 45. Ne6+ Kc6 46. Nxg5 Rxb4 47. Nxh7 Nf5 48. Nf6 Rb3 49. Rc1+ Kd6 50. Ng4 Nd4+ 51. Kf2 Ne6 52. Rd1+ Ke7 53. Ke2 Ng5 54. Rd2 Rc3 55. Ne5 Rc5 56. Rd7+ Ke6 57. Rg7 Kf6 58. Kd3 Kxg7 59. Nd7 Rc7 60. Nf8 Re7 61. e4 Kxf8 62. Ke3 Nxe4 63. Kf4 Nf6 64. Kg5 Kf7 65. Kf5 Re1 66. Kf4 Ke6 67. Kf3 Ke5 68. Kg3 Re4 69. Kh2 Rf4 70. Kg2 Ke4 71. Kg3 Ke3 72. Kh3 Kf2 73. Kh2 Rh4# 0-1


[Site "https://www.chess.com"]

[Event "Titled Tuesday Blitz June 28 Early 2022"]
[White "Maiorov, Nikita"]
[Black "Preotu, Razvan"]
[WhiteFideId "13501720"]
[BlackFideId "2613280"]
[WhiteElo "2417"]
[BlackElo "2407"]
[Result "0-1"]
[Round "05"]
[TimeControl "180+1"]
[Date "2022.06.28"]
[WhiteClock "0:00:02"]
[BlackClock "0:00:06"]

1. d4 Nf6 2. c4 g6 3. Nc3 d5 4. cxd5 Nxd5 5. e4 Nxc3 6. bxc3 Bg7 7. Bc4 c5 8. Ne2 Nc6 9. Be3 O-O 10. O-O b6 11. Rc1 Bb7 12. Bb5 Rc8 13. Qd2 e6 14. Rfd1 cxd4 15. cxd4 a6 16. Ba4 b5 17. Bb3 Qa5 18. Qb2 Rfd8 19. h4 h6 20. Qb1 Qa3 21. h5 g5 22. d5 exd5 23. exd5 Na5 24. Rxc8 Rxc8 25. d6 Nxb3 26. axb3 Rd8 27. d7 Qe7 28. Qd3 Bc6 29. Qc2 Rxd7 30. Rc1 Be4 31. Qc8+ Rd8 32. Qxa6 Bd3 33. Ng3 Qe6 34. Qxe6 fxe6 35. Rc6 Kf7 36. Rc7+ Kg8 37. b4 Bf8 38. Bc5 Bxc5 39. Rxc5 Rd4 0-1


[Site "https://www.chess.com"]